 Dungeon Crawl Stone Soup version 0.30-a0-241-g1121274140 (webtiles) character file.

Game seed: 15277572476962334442

193 KennySheep the Chiller (level 5, -11/38 HPs)
             Began as a Demigod Ice Elementalist on Oct 10, 2022.
             Mangled by Menkaure (21 damage)
             ... on level 4 of the Dungeon.
             The game lasted 00:07:12 (3076 turns).

KennySheep the Chiller (Demigod Ice Elementalist)   Turns: 3076, Time: 00:07:12

Health: -11/38     AC:  3    Str:  9    XL:     5   Next: 20%
Magic:  12/12      EV: 12    Int: 21    God:
Gold:   178        SH:  0    Dex: 14    Spells: 2/9 levels left

rFire   + . .      SeeInvis .    (no weapon)
rCold   . . .      Faith    .    (no shield)
rNeg    . . .      Spirit   .    a - +0 robe
rPois   .          Reflect  .    (no helmet)
rElec   .          Harm     .    m - +0 cloak
rCorr   .          Rampage  .    (no gloves)
Will    +....                    (no boots)
Stlth   ++........               (no amulet)
HPRegen 0.26/turn                c - ring of willpower
MPRegen 0.13/turn                f - ring of protection from fire

@: very slightly contaminated
A: high MP 1, forlorn, divine attributes
a: no special abilities


You were on level 4 of the Dungeon.
You visited 1 branch of the dungeon, and saw 4 of its levels.

You collected 178 gold pieces.

Inventory:

Armour
 a - a +0 robe (worn)
 m - a +0 cloak (worn)
Jewellery
 c - a ring of willpower (left hand)
 f - a ring of protection from fire (right hand)
 h - an amulet of reflection
Wands
 k - a wand of digging (3)
Scrolls
 d - a scroll of brand weapon {unknown}
 e - 2 scrolls of poison {unknown}
 g - a scroll of fear {unknown}
 j - a scroll of torment {unknown}
 l - 2 scrolls of identify {unknown}
 n - a scroll of magic mapping {unknown}
 o - a scroll of enchant armour {unknown}
 p - a scroll of fog {unknown}
Potions
 b - 2 potions of magic
 i - a potion of heal wounds {unknown}
 q - a potion of curing {unknown}
 r - a potion of haste {unknown}


   Skills:
 - Level 1.7 Dodging
 - Level 1.7 Stealth
 + Level 2.9 Spellcasting
 - Level 1.7 Transmutations
 * Level 5.2 Ice Magic


You had 2 spell levels left.
You knew the following spells:

 Your Spells              Type           Power      Damage    Failure   Level
a - Freeze                Ice            96%        1d10      1%          1
b - Frozen Ramparts       Ice            48%        1d8       4%          3
c - Ozocubu's Armour      Ice            24%        N/A       4%          3

Your spell library contained the following spells:

 Spells                   Type           Power      Damage    Failure   Level
 Summon Ice Beast         Ice/Summ       13%        N/A       43%         4


Dungeon Overview and Level Annotations

Branches:
Dungeon (4/15)
 Temple: D:4-7

Shops:
D:4 [

Annotations:
D:3 1 transporter
D:4 Menkaure


Innate Abilities, Weirdness & Mutations

You have an increased reservoir of magic. (+10% MP)
You shall have no god before yourself.
Your divine heritage dramatically boosts your attributes as you level up.


Message History

Okay, then.
Casting: Freeze (safe; 1% risk of failure)
Confirm with . or Enter, or press ? or * to list all spells.
Casting: Frozen Ramparts (dangerous; 4% risk of failure)
Press: ? - help, Dir - look around, f - activate The walls around you are covered in ice.
A hobgoblin comes into view.
Menkaure whispers drily.
The wall freezes the hobgoblin.
You hit Menkaure but do no damage.
Menkaure resists.
The wall freezes Menkaure.
Menkaure casts a spell at you. Pain shoots through your body!
The wall freezes the hobgoblin!
You kill the hobgoblin!
You freeze Menkaure.
Menkaure resists.
Menkaure is moderately damaged.
The wall freezes Menkaure but does no damage.
Menkaure calls on the powers of darkness!
Your body is wracked with pain!
You freeze Menkaure.
Menkaure resists.
Menkaure is heavily damaged.
Menkaure completely resists.
The wall freezes Menkaure but does no damage.
Menkaure sighs a few words.
Menkaure hits you.
* * * LOW HITPOINT WARNING * * *
You freeze Menkaure.
Menkaure resists.
Menkaure is severely damaged.
An orc priest comes into view. It is wielding a +0 club.
You miscast Freeze.
You are very lightly contaminated with residual magic.
Nothing appears to happen.
The orc priest shouts!
The frozen ramparts melt away.
You hear a shout!
Menkaure casts a spell at you. You resist with some effort.
An endoplasm comes into view.
Magic courses through your body. Menkaure hits you!!
Ouch! That really hurt!
You die...

..# ###. #.# .... #..
##.# #.# #.. ..#...
#.#.# #.M.#
###############@#.#.#.
#...........##..#.J.##.
#.#########...#.#.#$...
##.# #####...# .## ...#
#o#... #### ..##.## #
#...... ##### ##?###.#
....# .# ##


You could see Menkaure, an orc priest and an endoplasm.

Vanquished Creatures
  A howler monkey (D:4)
  Jessica (D:2)
  3 gnolls (D:4)
  3 adders
  2 worms
  A dart slug (D:4)
  6 orcs (D:3)
  3 endoplasms
  5 giant cockroaches
  8 goblins
  3 hobgoblins
  3 quokkas
  5 ball pythons
  5 bats
  3 frilled lizards
  4 kobolds
  8 rats
64 creatures vanquished.

Notes
Turn   | Place    | Note
-------+----------+-------------------------------------------
     0 | D:1      | KennySheep the Demigod Ice Elementalist began the quest for
                  | the Orb.
     0 | D:1      | Reached XP level 1. HP: 14/14 MP: 5/5
   357 | D:1      | Reached XP level 2. HP: 20/20 MP: 4/7
   423 | D:1      | Reached skill level 1 in Transmutations
  1024 | D:2      | Noticed Jessica
  1038 | D:2      | Killed Jessica
  1039 | D:2      | Reached skill level 4 in Ice Magic
  1039 | D:2      | Reached XP level 3. HP: 21/26 MP: 4/8
  2000 | D:3      | Reached XP level 4. HP: 31/33 MP: 3/10
  2191 | D:3      | Learned a level 3 spell: Frozen Ramparts
  2195 | D:3      | Learned a level 3 spell: Ozocubu's Armour
  2686 | D:3      | Found a transporter.
  2686 | D:3      | Noticed a necrophage
  2994 | D:4      | Found Ulytuid's Armour Boutique.
  3063 | D:4      | Noticed Menkaure
  3068 | D:4      | Reached skill level 5 in Ice Magic
  3068 | D:4      | Reached XP level 5. HP: 31/38 MP: 7/12
  3076 | D:4      | Mangled by Menkaure

Illustrated notes

Levels and vault maps discovered:
D:1:      saegor_arrival_simple_a, layout_loops_ring,
          chequers_ecumenical_altar_island
D:2:      layout_basic, basic_altar, minmay_misc_feat_diagonals, uniq_jessica
D:3:      layout_basic, lemuel_round_altar, grunt_nemelex_the_gamble,
          minivault_11, st_stairs_14
D:4:      layout_rooms, nicolae_concentric_dashed_squares_wild,
          minmay_shop_grid_forest, uniq_menkaure

Skill      XL: |  1  2  3  4 |
---------------+-------------+-----
Transmutations | 1 |  1.7
Spellcasting   | 2 |  2.9
Ice Magic      | 4 5 |  5.2
Dodging        | |  1.7
Stealth        | |  1.7

Action                   |  1- 3 |  4- 6 || total
-------------------------+-------+-------++-------
Melee: Unarmed           |    20 |     9 ||    29
 Cast: Freeze            |    62 |    40 ||   102
       Frozen Ramparts   |       |     2 ||     2
  Use: Potion            |       |     1 ||     1
Armor: Robe              |    12 |     9 ||    21
Dodge: Dodged            |    48 |    26 ||    74

Table legend: (Time is in decaauts)
 A = Elapsed time spent in this place.
 B = Non-inter-level travel time spent in this place.
 C = Inter-level travel time spent in this place.
 D = Time resting spent in this place.
 E = Time spent auto-exploring this place.
 F = Levels seen in this place.
 G = Mean time per level.
                   A        B        C        D        E       F      G
               +--------+--------+--------+--------+--------+-----+--------+
         Total |   3079 |   2937 |    142 |    326 |   2157 |   4 |  769.8 |
       Dungeon |   3079 |   2937 |    142 |    326 |   2157 |   4 |  769.8 |
               +--------+--------+--------+--------+--------+-----+--------+

Top non-repeatable levels by time:
     D:1: 967 daAuts
     D:3: 962 daAuts
     D:2: 945 daAuts
     D:4: 202 daAuts
